 Dungeon Crawl Stone Soup version 0.28.0 (webtiles) character file.

Game seed: 9048688361632419387

69 Host24 the Bolt Thrower (level 4, -3/28 HPs)
             Began as a Kobold Hunter on Mar 5, 2022.
             Slain by an orc (6 damage)
             ... on level 3 of the Dungeon.
             The game lasted 00:04:22 (2531 turns).

Host24 the Bolt Thrower (Kobold Hunter)             Turns: 2531, Time: 00:04:22

Health: -3/28      AC:  3    Str: 11    XL:     4   Next: 42%
Magic:  4/4        EV: 14    Int: 12    God:
Gold:   47         SH:  0    Dex: 15    Spells: 3/3 levels left

rFire   . . .      SeeInvis .   b - +0 short sword
rCold   . . .      Faith    +   (no shield)
rNeg    . . .      Spirit   .   c - +0 leather armour
rPois   .          Reflect  .   (no helmet)
rElec   .          Harm     .   (no cloak)
rCorr   .          Rampage  .   (no gloves)
Will    .....                   (no boots)
Stlth   +++.......              n - amulet of faith
HPRegen 0.09/turn               (no ring)
MPRegen 0.09/turn               (no ring)

@: no status effects
A: small, no large weapons, nightstalker 3
a: no special abilities


You were on level 3 of the Dungeon.
You visited 1 branch of the dungeon, and saw 3 of its levels.

You collected 47 gold pieces.

Inventory:

Hand Weapons
 a - a +1 hand crossbow
 b - a +0 short sword (weapon)
Missiles
 d - 48 bolts
 e - a throwing net (quivered)
 g - 110 stones
 k - 22 sling bullets
 o - 10 arrows
 q - 4 large rocks
Armour
 c - a +0 leather armour (worn)
Jewellery
 n - an amulet of faith (around neck)
Scrolls
 f - a scroll of amnesia {unknown}
 l - a scroll of immolation {unknown}
 p - a scroll of teleportation {unknown}
Potions
 h - a potion of might {unknown}
 i - a potion of haste {unknown}
 j - 2 potions of mutation {unknown}
 m - a potion of attraction {unknown}
 r - a potion of curing {unknown}


   Skills:
 - Level 3.0 Fighting
 + Level 6.1 Crossbows
 - Level 3.0 Dodging
 - Level 1.3 Stealth


You had 3 spell levels left.
You didn't know any spells.
Your spell library contained the following spells:

 Spells                   Type           Power      Damage    Failure   Level
 Animate Skeleton         Necr           0%         N/A       41%         1
 Apportation              Tloc           0%         N/A       41%         1
 Summon Small Mammal      Summ           0%         N/A       41%         1


Dungeon Overview and Level Annotations

Branches:
Dungeon (3/15)

Altars:

Shops:
D:1 [[(=


Innate Abilities, Weirdness & Mutations

You are small and have problems with some larger weapons.
You are completely attuned to the shadows.


Message History

There are monsters nearby!
The orc shouts! x2; You hear a shout!
An orc comes into view. It is wielding a +0 whip.
You see here a ball python corpse.
The orc hits you with a +0 trident!
You hit the orc.
The orc is severely wounded.
The orc misses you.
You closely miss the orc.
The orc is severely wounded.
The orc misses you. The orc hits you with a +0 trident!
You hit the orc.
You kill the orc!
You hit the orc.
The orc is lightly wounded.
The orc closely misses you.
You hit the orc.
The orc is heavily wounded.
The orc hits you but does no damage.
You hit the orc.
The orc is severely wounded.
The orc completely misses you.
You hit the orc but do no damage.
The orc is severely wounded.
The orc hits you with a +0 short sword.
You hit the orc.
You kill the orc!
You completely miss the orc. The orc misses you.
You barely miss the orc. The orc closely misses you.
You closely miss the orc. The orc hits you but does no damage.
You closely miss the orc. Your punch misses the orc.
The orc hits you with a +0 whip.
* * * LOW HITPOINT WARNING * * *
You completely miss the orc. The orc hits you with a +0 whip.
* * * LOW HITPOINT WARNING * * *
You hit the orc.
The orc is heavily wounded.
The orc barely misses you. The orc hits you with a +0 whip.
You die...

#..#####.#####
...#
.....†.......#
###
...#####.###.#
##.# #.# #.#
#.# #.#
#.##### #.#
...##.##..
#.......###
..##.##...# .
#..†.@.#
####.o.# ##.##
#.# #.# # #)#
#.###.#
......# ###..#


You could see an orc.

Vanquished Creatures
  An adder (D:2)
  2 worms (D:2)
  A dart slug (D:2)
  6 orcs
  6 ball pythons
  3 bats
  6 endoplasms
  2 giant cockroaches
  3 goblins
  5 quokkas
  A frilled lizard (D:1)
  A kobold (D:1)
  6 rats
43 creatures vanquished.

Vanquished Creatures (others)
  2 plants (D:3)
2 creatures vanquished.

Grand Total: 45 creatures vanquished

Notes
Turn   | Place    | Note
-------+----------+-------------------------------------------
     0 | D:1      | Host24 the Kobold Hunter began the quest for the Orb.
     0 | D:1      | Reached XP level 1. HP: 12/12 MP: 1/1
    76 | D:1      | Reached skill level 5 in Crossbows
   280 | D:1      | Reached XP level 2. HP: 18/18 MP: 2/2
   320 | D:1      | Found Kiajys Rimu's Antique Armour Boutique.
   349 | D:1      | Found Goriugrask's Weapon Shoppe.
   717 | D:1      | Found Wyror's Antique Armour Shoppe.
   735 | D:1      | Found Deader's Jewellery Shop.
   924 | D:1      | Reached XP level 3. HP: 22/23 MP: 3/3
  1785 | D:2      | Reached XP level 4. HP: 22/28 MP: 4/4
  2471 | D:3      | Reached skill level 6 in Crossbows
  2531 | D:3      | Slain by an orc

Illustrated notes

Levels and vault maps discovered:
D:1:      ebering_trefoil_twist, layout_rooms, serial_shops,
          nicolae_square_shop, nicolae_shop_statue_plus, nicolae_shop_stone,
          shop, chequers_mini_garden
D:2:      layout_basic
D:3:      layout_loops_ring, gammafunk_ghost_gnarly_gnolls,
          hellmonk_ecumenical_altar_lost_god

Skill      XL: |  1  2  3  4 |
---------------+-------------+-----
Crossbows      | 5 6 |  6.1
Fighting       | 3 |  3.0
Dodging        | 3 |  3.0
Stealth        | |  1.3

Action                   |  1- 3 |  4- 6 || total
-------------------------+-------+-------++-------
Melee: Short sword       |   101 |    43 ||   144
       Punch             |     1 |       ||     1
 Fire: Hand crossbow     |    17 |       ||    17
 Stab: Sleeping          |     6 |     5 ||    11
Armor: Leather armour    |    22 |     6 ||    28
Dodge: Dodged            |    96 |    26 ||   122
